 Dungeon Crawl Stone Soup version 0.28.0-45-g0d030f2227 (webtiles) character file.

Game seed: 17627361099346154364

55 nickcage the Magician (level 4, -6/32 HPs)
             Began as a Djinni Ice Elementalist on Apr 5, 2022.
             Mangled by a gnoll
             ... wielding a +0 flail
              (12 damage)
             ... on level 2 of the Dungeon.
             The game lasted 00:05:33 (2380 turns).

nickcage the Magician (Djinni Ice Elementalist)     Turns: 2380, Time: 00:05:34

Health: -6/32      AC:  2    Str:  7    XL:     4   Next: 14%
Gold:   23         EV: 12    Int: 19    God:
                   SH:  0    Dex: 13

rFire   + + .      SeeInvis .   g - +2 dagger (venom)
rCold   x . .      Faith    .   (no shield)
rNeg    . . .      Spirit   .   a - +0 robe
rPois   ∞          Reflect  .   (no helmet)
rElec   .          Harm     .   (no cloak)
rCorr   .          Rampage  .   (no gloves)
Will    .....                   (boots unavailable)
Stlth   ++........              (no amulet)
HPRegen 0.10/turn               (no ring)
MPRegen 0.00/turn               (no ring)

@: flying
A: sickness immunity, fire resistance 2, cold vulnerability 1, float, innate
caster, HP casting, extra vitality 1
a: no special abilities


You were on level 2 of the Dungeon.
You visited 1 branch of the dungeon, and saw 2 of its levels.

You collected 67 gold pieces.
You spent 44 gold pieces at shops.

Inventory:

Hand Weapons
 b - a +0 short sword
 g - a +2 dagger of venom (weapon)
Armour
 a - a +0 robe (worn)
Scrolls
 d - a scroll of fog {unknown}
 e - 2 scrolls of immolation {unknown}
 f - a scroll of identify {unknown}
Potions
 c - a potion of flight {unknown}
 h - a potion of brilliance


   Skills:
 - Level 1.0 Fighting
 - Level 2.1 Dodging
 - Level 1.5 Stealth
 + Level 4.2 Spellcasting


You couldn't memorise any spells.
You knew the following spells:

 Your Spells              Type           Power      Damage    Failure   Level
a - Freeze                Ice            76%        1d9       2%          1
b - Frozen Ramparts       Ice            38%        1d5       7%          3
c - Ozocubu's Armour      Ice            19%        N/A       7%          3
d - Hailstorm             Conj/Ice       19%        3d6       24%         4
e - Sting                 Tmut/Pois      76%        1d6       2%          1
Your spell library was empty.

Dungeon Overview and Level Annotations

Branches:
Dungeon (2/15)

Altars:

Shops:
D:2 !


Innate Abilities, Weirdness & Mutations

You are immune to sickness and miasma.
You are immune to poison.
Your flesh is very heat resistant. (rF++)
You are vulnerable to cold. (rC-)
You float through the air rather than walking.
You learn spells naturally, not from books.
Your magical power is your life essence.
You have superior vitality. (+4 MHP)


Message History

Thank you for shopping at Fayl Yst's Distillery!
Found a stone staircase leading up.
A gnoll comes into view. It is wielding a +0 flail.
The gnoll shouts!
You hear a shout!
A gnoll comes into view. It is wielding a +0 flail.
Casting: Freeze (safe; 2% risk of failure)
Confirm with . or Enter, or press ? or * to list all spells.
Aiming: Sting (safe; 2% risk of failure)
Press: ? - help, Shift-Dir - straight line, f - gnoll
Aim: a gnoll, wielding a +0 flail (77% to hit)
The sting misses the gnoll.
You freeze the gnoll.
The gnoll is lightly wounded.
You freeze the gnoll.
The gnoll is moderately wounded.
The gnoll misses you. The gnoll hits you with a +0 flail.
You freeze the gnoll!
You kill the gnoll!
You have reached level 4!
You feel clever.
You freeze the gnoll.
The gnoll is lightly wounded.
The gnoll hits you with a +0 flail!
* * * LOW HITPOINT WARNING * * *
You are too injured to fight recklessly!
Aiming: Freeze (safe; 2% risk of failure)
Press: ? - help, Q - select action, (/) - cycle Shift-Dir - straight line, f/p - gnoll
Aim: a gnoll, wielding a +0 flail and quivering boomerangs (lightly wounded)
You freeze the gnoll.
The gnoll is heavily wounded.
* * * LOW HITPOINT WARNING * * *
The gnoll barely misses you.
Aiming: Freeze (safe; 2% risk of failure)
Press: ? - help, Q - select action, (/) - cycle Shift-Dir - straight line, f/p - gnoll
Aim: a gnoll, wielding a +0 flail and quivering boomerangs (heavily wounded)
You freeze the gnoll.
The gnoll is severely wounded.
* * * LOW HITPOINT WARNING * * *
The gnoll hits you with a +0 flail!
You die...

#.#.###......#
#.......##.###
.......###.#
.#.........#
.........### #
........## ####.#...
.......## #......#
......## #g# ###...#
#@# #...# ###.###
#(..# #<....# #...#
#.....# #...#
###.....#
###...######.......#
.........)..∩#.....#
....(....÷.....###.#
............[#..# .#


You could see a gnoll.

Vanquished Creatures
  2 gnolls (D:2)
  A dart slug (D:1)
  A bat (D:1)
  4 endoplasms
  6 goblins
  3 hobgoblins (D:1)
  3 jackals (D:1)
  A ball python (D:2)
  A frilled lizard (D:1)
  8 kobolds
30 creatures vanquished.

Notes
Turn   | Place    | Note
-------+----------+-------------------------------------------
     0 | D:1      | nickcage the Djinni Ice Elementalist began the quest for
                  | the Orb.
     0 | D:1      | Reached XP level 1. HP: 15/15 MP: 0/0
   327 | D:1      | Reached XP level 2. HP: 15/22 MP: 0/0
   964 | D:1      | Reached XP level 3. HP: 12/26 MP: 0/0
   964 | D:1      | Learned a level 1 spell: Sting
  1236 | D:1      | Found a faded altar of an unknown god.
  1340 | D:1      | Reached skill level 1 in Fighting
  2044 | D:2      | Found Fayl Yst's Distillery.
  2057 | D:2      | Reached skill level 4 in Spellcasting
  2364 | D:2      | Bought a potion of brilliance for 44 gold pieces
  2378 | D:2      | Reached XP level 4. HP: 22/32 MP: 0/0
  2380 | D:2      | Mangled by a gnoll

Illustrated notes

Levels and vault maps discovered:
D:1:      lemuel_arrival_cross, layout_loops_ring, basic_ecumenical_altar
D:2:      layout_loops_cross, serial_shops, shop

Skill      XL: |  1  2  3 |
---------------+----------+-----
Fighting       | 1 |  1.0
Spellcasting   | 4 |  4.2
Dodging        | |  2.1
Stealth        | |  1.5

Action                   |  1- 3 |  4- 6 || total
-------------------------+-------+-------++-------
Melee: Short sword       |     7 |       ||     7
 Cast: Freeze            |    51 |     3 ||    54
       Sting             |     1 |       ||     1
Armor: Robe              |     7 |       ||     7
Dodge: Dodged            |    32 |     1 ||    33
